 Dungeon Crawl Stone Soup version bcrawl-1.23 (webtiles) character file.

Game seed: 3027005487989234640

52 Delver the Caller (level 3, -2/20 HPs)
             Began as an Avariel Summoner on May 31, 2020.
             Was a Follower of Lugonu.
             Killed by divine providence
             ... invoked by an orc priest
              (16 damage)
             ... on level 3 of the Dungeon.
             The game lasted 00:42:02 (1726 turns).

Delver the Caller (Avariel Summoner)                Turns: 1726, Time: 00:42:03

Health: -2/20      AC:  2    Str:  7    XL:     3   Next: 85%
Magic:  9/10       EV: 13    Int: 20    God:    Lugonu [*.....]
Gold:   123        SH:  0    Dex: 13    Spells: 6/9 levels left

rFire    . . .     SeeInvis .   z - +0 hunting sling
rCold    . . .     Gourm    .   (no shield)
rNeg     . . .     Faith    .   a - +0 robe
rPois    .         Spirit   .   (no helmet)
rElec    .         Reflect  .   (no cloak)
rCorr    +         Harm     .   (no gloves)
MR       .....                  (no boots)
Stlth    ++........             o - amulet of magic regeneration
HPRegen  0.06/turn              u - ring of resist corrosion
MPRegen  0.37/turn              w - ring of wizardry

@: no status effects
A: no striking features
a: Depart the Abyss, Bend Space, Renounce Religion


You were on level 3 of the Dungeon.
You worshipped Lugonu.
Lugonu was aware of your devotion.
You were not hungry.

You visited 1 branch of the dungeon, and saw 3 of its levels.

You collected 123 gold pieces.

Inventory:

Hand Weapons
 d - a +0 club
 s - a +0 hand axe
 z - a +0 hunting sling (weapon)
 D - a +0 short sword
 I - a +0 short sword of protection
Missiles
 h - 498 sling bullets (quivered)
 i - 263 arrows
 q - 45 curare-tipped needles
 A - 158 stones
 F - 87 poisoned needles
 G - 114 bolts
Armour
 a - a +0 robe (worn)
 v - a +0 robe
 E - a +0 leather armour
Jewellery
 o - an amulet of magic regeneration (around neck)
 u - a ring of resist corrosion (left hand)
 w - a ring of wizardry (right hand)
Scrolls
 b - 3 scrolls of remove curse
 c - a scroll of summoning
 g - a scroll of identify
 k - a scroll of fear
 l - a scroll of magic mapping
 m - 2 scrolls of teleportation
 n - a scroll of enchant weapon {unknown}
 p - a scroll of blinking {unknown}
 y - a scroll of fog {unknown}
Potions
 f - a potion of berserk rage
 r - a potion of haste
 t - a potion of brilliance {unknown}
 x - a potion of agility {unknown}
 B - a potion of lignification
 C - a potion of flight {unknown}
 H - a potion of magic {unknown}
Comestibles
 e - 4 rations {!d}
 j - 4 chunks of flesh


   Skills:
 + Level 0.5 Fighting
 + Level 0.1 Slings
 + Level 2.4 Dodging
 + Level 2.2 Stealth
 + Level 3.7 Spellcasting
 + Level 5.5 Summonings
 + Level 0.1 Invocations


You had 6 spell levels left.
You knew the following spells:

 Your Spells              Type           Power        Failure   Level  Hunger
a - Summon Small Mammal   Summ           ####         1%          1    None
b - Call Imp              Summ           ####..       1%          2    ##.....

Your spell library contained the following spells:

 Spells                   Type           Power        Failure   Level  Hunger
 Call Canine Familiar     Summ           ####....     1%          3    ###....
 Summon Ice Beast         Ice/Summ       ##......     16%         4    ####...
 Summon Lightning Spire   Summ/Air       ##......     41%         5    ######.


Dungeon Overview and Level Annotations

Branches:
Dungeon (3/12)

Altars:
Lugonu
Nemelex Xobeh


Message History

Press: ? - help, Shift-Dir - straight line, f/p - adder
Aim: an adder (moderately wounded)
You shoot a sling bullet.
The sling bullet hits the adder but does no damage.
The adder is moderately wounded.
Your shadow imp closely misses the adder.
The adder closely misses you.
Your shadow imp gestures at the adder.
The adder writhes in agony!
The adder dies!
Lugonu accepts your kill.
Casting: Call Imp (safe; 1% risk of failure)
Confirm with . or Enter, or press ? or * to list all spells.
A metallic apparition takes form in the air.
The orc priest barely misses your shadow imp.
You swap places.
The orc priest calls down the wrath of Beogh upon you.
Beogh smites you!
Ouch! That really hurt!
You die...

#.... #.... #..>. #....
#.... ####### ####....
#.....##########...†###
#...<.#..5.o.....#### #
#.....@5########## #
#.....### #### ###.### #...
#######÷# ####.## #....##.#
#######....##
#....##.#######....>..#####
#....##.#...5.÷.####### #
#.........####### #
#..÷)#⌠.⌠.# #


You could see an orc priest, a friendly iron imp and a friendly shadow imp.

Vanquished Creatures
  A worm (D:2)
  2 leopard geckos (D:2)
  A bat (D:2)
  2 hobgoblins (D:2)
  A jackal (D:3)
  A kobold (D:3)
  A rat (D:2)
9 creatures vanquished.

Vanquished Creatures (collateral kills)
  2 adders (D:3)
  A worm (D:2)
  A dart slug (D:1)
  2 leopard geckos
  6 bats
  A giant cockroach (D:1)
  13 goblins
  3 hobgoblins
  A jackal (D:3)
  2 frilled lizards
  7 kobolds
39 creatures vanquished.

Grand Total: 48 creatures vanquished

Notes
Turn   | Place    | Note
-------+----------+-------------------------------------------
     0 | D:1      | Delver the Avariel Summoner began the quest for the Orb.
     0 | D:1      | Reached XP level 1. HP: 10/10 MP: 6/6
   185 | D:1      | Reached skill level 5 in Summonings
   329 | D:1      | Reached XP level 2. HP: 15/15 MP: 2/7
   767 | D:2      | Learned a level 2 spell: Call Imp
   868 | D:2      | Reached XP level 3. HP: 19/19 MP: 9/9
   937 | D:2      | Found a corrupted altar of Lugonu.
   942 | D:2      | Became a worshipper of Lugonu the Unformed
  1408 | D:3      | Found a sparkling altar of Nemelex Xobeh.
  1726 | D:3      | Killed from afar by an orc priest

Skill      XL: |  1  2 |
---------------+-------+-----
Summonings     | 5 |  5.5
Spellcasting   | 3 |  3.7
Fighting       | |  0.5
Slings         | |  0.1
Dodging        | |  2.4
Stealth        | |  2.2
Invocations    | |  0.1

Action                   || total
-------------------------++-------
Melee: Unarmed           ||     3
       Hand axe          ||    20
       Club              ||     2
 Fire: Hunting sling     ||    14
Throw: Stone             ||     2
 Cast: Summon Small Mamm ||    65
       Call Imp          ||    19
Invok: Bend Space        ||     1
  Use: Scroll            ||     6
       Potion            ||     2
  Eat: Chunk             ||     3
Armor: Robe              ||     6
       Skin              ||     1
Dodge: Dodged            ||    26
